Map: Ulrena

Players

pupu - Winner!

  • Race: Protoss Protoss
  • League: Silver

Hadesbote

  • Race: Zerg Zerg

VOD

Have the link to the VOD?

Description

Time

  • Played on: April 14, 2016, 3:12 p.m.
  • Length: 12:15
Show
View Real Time Build Order
Export as new Build Order

pupu Protoss - Winner!

Build Orders: Oracle Opening 

Get SALT Encoding   

  12  0:01  Probe (Chrono Boost)  
  13  0:12  Probe (Chrono Boost)  
  14  0:19  Pylon  
  14  0:22  Probe (Chrono Boost)  
  15  0:37  Probe (Chrono Boost)  
  15  0:40  Gateway  
  16  0:48  Probe (Chrono Boost), Assimilator  
  17  0:53  Assimilator  
  17  0:58  Probe (Chrono Boost)  
  18  1:09  Probe (Chrono Boost)  
  19  1:19  Probe (Chrono Boost)  
  20  1:27  Cybernetics Core  
  21  1:33  Probe (Chrono Boost), Pylon  
  21  1:43  Gateway  
  21  1:45  Probe (Chrono Boost)  
  22  1:51  Zealot  
  24  2:07  Stargate  
  24  2:08  Warp Gate (Chrono Boost)  
  24  2:16  Mothership Core  
  26  2:33  Pylon  
  26  2:38  Probe  
  27  2:50  Probe  
  28  3:01  Adept x2  
  28  3:02  Probe  
  28  3:03  Oracle (Chrono Boost)  
  36  3:15  Probe  
  36  3:16  Forge  
  37  3:27  Probe  
  38  3:48  Pylon  
  38  3:53  Nexus  
  38  3:55  Pylon  
  38  3:58  Protoss Ground Weapons Level 1  
  38  4:14  Probe  
  39  4:27  Probe  
  40  4:36  Void Ray (Chrono Boost)  
  41  4:38  Stalker x2  
  45  4:46  Gateway  
  45  4:49  Gateway  
  45  4:52  Pylon  
  45  4:54  Probe  
  46  5:06  Probe  
  47  5:10  Stalker x2  
  51  5:31  Pylon  
  51  5:37  Gateway  
  51  5:39  Stalker x2  
  55  5:49  Void Ray (Chrono Boost)  
  59  5:52  Probe  
  59  5:53  Probe  
  61  5:58  Protoss Ground Armor Level 1  
  61  6:01  Sentry  
  61  6:02  Sentry  
  65  6:18  Stalker x2  
  65  7:03  Stalker x4  
  47  7:29  Void Ray (Chrono Boost)  
  43  7:38  Sentry  
  43  7:40  Zealot x3  
  42  8:02  Zealot x4  
  38  8:24  Zealot x3  
  38  8:25  Probe, Zealot  
  38  8:26  Probe  
  41  8:35  Probe  
  41  8:38  Probe  
  42  8:56  Photon Cannon  
  42  9:00  Photon Cannon  
  42  9:02  Pylon  
  42  9:03  Probe, Pylon  
  42  9:04  Probe  
  42  9:07  Pylon  
  42  9:08  Assimilator  
  44  9:11  Void Ray (Chrono Boost)  
  44  9:13  Probe  
  44  9:16  Probe  
  50  9:32  Zealot x2  
  52  10:15  Void Ray (Chrono Boost)  
  52  10:16  Zealot x2  
  52  10:17  Zealot x3  
  64  10:32  Probe  
  64  10:33  Probe  
  66  10:42  Probe  
  66  10:45  Probe  
  68  10:52  Void Ray (Chrono Boost)  
  56  11:35  Stalker x2  
  56  11:36  Stalker x3  
Show
View Real Time Build Order
Export as new Build Order

Hadesbote Zerg 

Build Orders: Pool First 

Get SALT Encoding   

  12  0:01  Drone  
  13  0:12  Overlord  
  13  0:18  Drone  
  14  0:27  Extractor, Drone  
  14  0:31  Drone  
  16  0:36  Drone  
  16  0:41  Extractor  
  16  0:51  Spawning Pool  
  16  0:53  Drone  
  16  1:18  Hatchery  
  15  1:22  Drone  
  16  1:26  Drone  
  17  1:39  Zergling x4  
  19  1:43  Metabolic Boost  
  19  1:50  Drone  
  20  1:55  Overlord  
  20  2:06  Queen  
  22  2:16  Drone  
  22  2:17  Drone  
  24  2:29  Drone  
  25  2:42  Queen, Drone x2  
  29  2:44  Drone  
  29  2:47  Extractor  
  29  2:54  Drone  
  29  2:56  Evolution Chamber  
  29  2:57  Evolution Chamber  
  27  3:00  Drone  
  28  3:11  Lair  
  28  3:19  Drone x2  
  30  3:25  Zerg Melee Weapons Level 1  
  30  3:29  Drone x3  
  30  3:31  Drone  
  34  3:40  Zerg Ground Armor Level 1  
  34  4:00  Zergling x2  
  35  4:04  Overlord x3  
  35  4:15  Spore Crawler  
  22  4:40  Drone x3  
  22  4:41  Drone x3  
  22  4:45  Queen  
  30  4:50  Drone  
  30  4:51  Drone x4  
  35  4:56  Zergling x2  
  36  5:01  Overseer  
  36  5:04  Spore Crawler  
  35  5:09  Extractor  
  34  5:15  Extractor  
  32  5:32  Zerg Melee Weapons Level 2  
  33  5:35  Drone  
  33  5:36  Hydralisk Den, Drone x2  
  34  5:45  Queen  
  34  5:46  Baneling Nest  
  35  5:52  Zergling x8  
  39  5:58  Drone x2  
  41  6:07  Muscular Augments  
  41  6:17  Zergling x8  
  45  6:21  Drone x2  
  47  6:31  Zergling x2  
  47  6:32  Zergling x6  
  50  6:42  Spine Crawler  
  50  6:46  Spine Crawler  
  48  6:53  Zergling x2  
  51  6:54  Zergling x6  
  46  7:08  Zergling x2  
  46  7:09  Zergling x8  
  43  7:28  Spore Crawler  
  37  7:36  Queen  
  39  7:43  Zergling x12  
  39  7:44  Zergling x4  
  38  8:11  Zergling x2  
  38  8:12  Zergling x10  
  32  8:32  Drone x2  
  33  8:48  Hatchery  
  26  8:58  Zergling x10  
  31  9:07  Drone  
  31  9:08  Drone x3  
  31  9:09  Overlord  
  35  9:12  Zergling x4  
  37  9:21  Queen  
  39  9:34  Drone x2  
  39  9:36  Spire  
  39  9:38  Drone x2  
  40  10:00  Spore Crawler  
  40  10:02  Spore Crawler  
  31  10:12  Hydralisk  
  31  10:13  Hydralisk x4  
  41  10:15  Zergling x2  
  42  10:40  Zergling x2  
  42  10:41  Zergling x14  
  29  11:19  Zergling x10  
  29  11:20  Zergling x4  
  29  11:23  Overlord x2  
  27  11:44  Corruptor x3  
  33  11:50  Overlord  
  33  12:01  Spore Crawler  
Tags
 
Add a new tag
Caveats
  • Supply blocks, unpowered buildings, or Contaminate may cause inaccurate times.
  • Supply counts are checked every 10 seconds.